AoeStats
← Bottm

Arena

510377327Analyzed
3v3 RM · 1d ago on Sep 30, 2026· 101m 45s· 6 players
Game mode
Random Map
Map size
Normal (6 player)
Population
200
Speed
Normal
Resources
Standard
Victory
Conquest
Starting age
Dark Age
Ending age
Imperial Age
RankedLock teamsTeams togetherTeam positionsShared explorationLock speedFull tech treeHidden civsTurbo modeCheats
Victory
Defeat
🇬🇹 Aztecs · Guatemala
1068
+15
🇳🇱 Franks · Netherlands
1046
+16
🇸🇦 Georgians · Saudi Arabia
1012
+17
🇩🇪 Khitans · Germany
1086
-18
🇩🇪 Saxons · Germany
1040
-16
🇩🇪 Goths · Germany
988
-14
Bot LarryS
4:47 Loom
12:10 Feudal Age
16:13 Castle Age
14:06 Double-Bit Axe
15:06 Gold Mining
15:01 Horse Collar
21:50 Bow Saw
23:32 Stone Mining
23:55 Pikeman
27:05 Wheelbarrow
26:40 Squires
30:25 Imperial Age
27:45 Town Watch
28:30 Scale Mail Armor
28:40 Forging
29:05 Ballistics
29:07 Fortified Wall
29:01 Padded Archer Armor
29:08 Fletching
30:20 Chain Mail Armor
31:31 Iron Casting
31:05 Halberdier
32:48 Conscription
33:04 Shield Wall
35:31 Plate Mail Armor
35:11 Elite Varangian Guard
38:41 Hand Cart
39:18 Elite Hearth Troop
41:17 Two-Man Saw
47:28 Chemistry
47:18 Gold Shaft Mining
49:05 Leather Archer Armor
48:45 Bodkin Arrow
49:06 Elite Skirmisher
52:04 Arson
52:04 Gambesons
54:04 Caravan
86:22 Crossbowman
87:09 Thumb Ring
Dorian
3:29 Loom
15:11 Feudal Age
16:29 Wheelbarrow
15:58 Horse Collar
16:11 Stone Mining
16:36 Double-Bit Axe
17:09 Gold Mining
21:31 Town Watch
22:38 Forging
22:21 Fletching
22:35 Scale Mail Armor
24:43 Castle Age
25:28 Heavy Plow
25:42 Bow Saw
26:10 Stone Shaft Mining
24:58 Pikeman
26:52 Squires
27:38 Iron Casting
27:19 Chain Mail Armor
28:18 Hand Cart
28:50 Bodkin Arrow
29:38 Town Patrol
30:10 Treadmill Crane
33:04 Masonry
32:50 Murder Holes
34:15 Ballistics
37:25 Imperial Age
37:57 Anarchy
38:50 Crop Rotation
39:43 Conscription
38:56 Sappers
40:48 Blast Furnace
40:25 Halberdier
42:44 Chemistry
42:23 Architecture
42:01 Bracer
42:24 Elite Huskarl
45:58 Perfusion
47:27 Two-Man Saw
50:03 Man-at-Arms
52:36 Long Swordsman
56:20 Two-Handed Swordsman
58:26 Caravan
60:31 Coinage
60:13 Guilds
66:06 Champion
68:34 Banking
94:19 Scale Barding Armor
94:14 Padded Archer Armor
96:24 Chain Barding Armor
96:19 Leather Archer Armor
97:26 Heated Shot
99:33 Ring Archer Armor
Bottm
10:05 Feudal Age
10:28 Loom
16:42 Castle Age
15:48 Double-Bit Axe
15:49 Domestication
19:06 Wheelbarrow
25:51 Forging
25:47 Scale Barding Armor
27:30 Gold Mining
28:38 Hand Cart
31:41 Imperial Age
31:19 Bow Saw
31:33 Husbandry
31:52 Heavy Camel Rider
33:33 Iron Casting
33:19 Chain Barding Armor
34:38 Fortified Wall
34:11 Treadmill Crane
36:34 Chemistry
35:44 Siege Engineers
41:06 Conscription
40:52 Ordo Cavalry
43:06 Plate Barding Armor
43:15 Masonry
46:38 Crossbowman
47:26 Thumb Ring
47:19 Light Cavalry
49:33 Hussar
51:03 Fletching
51:13 Padded Archer Armor
54:25 Elite Skirmisher
67:26 Pikeman
68:07 Squires
85:08 Caravan
93:19 Heavy Rocket Cart
JW073
11:53 Feudal Age
16:34 Castle Age
15:19 Double-Bit Axe
15:38 Gold Mining
17:21 Forging
18:50 Wheelbarrow
18:32 Husbandry
20:11 Scale Mail Armor
23:15 Iron Casting
23:38 Bow Saw
25:05 Chain Mail Armor
24:59 Scale Barding Armor
26:13 Chain Barding Armor
31:36 Imperial Age
29:26 Hand Cart
28:57 Loom
29:43 Hand Cart
29:13 Loom
29:14 Town Watch
30:24 Fortified Wall
30:37 Ballistics
31:58 Cavalier
34:16 Blast Furnace
34:31 Paladin
36:21 Gold Shaft Mining
35:37 Stone Mining
35:50 Town Patrol
36:40 Plate Barding Armor
36:20 Chivalry
36:42 Conscription
36:16 Fletching
36:16 Treadmill Crane
38:18 Bodkin Arrow
38:23 Padded Archer Armor
38:37 Ordonnance Companies
38:42 Heavy Mounted Crossbowman
38:43 Cranequins
40:13 Leather Archer Armor
41:05 Hoardings
43:47 Elite Throwing Axeman
45:52 Heavy Scorpion
47:02 Caravan
48:30 Light Cavalry
52:44 Siege Engineers
53:55 Chemistry
76:37 Murder Holes
76:54 Masonry
93:45 Pikeman
96:37 Squires
96:23 Arson
96:23 Halberdier
FeherFarkas
9:48 Feudal Age
9:44 Loom
14:07 Castle Age
12:54 Double-Bit Axe
14:14 Scale Mail Armor
16:38 Fervor
17:21 Bow Saw
19:08 Horse Collar
21:12 Wheelbarrow
20:25 Town Watch
22:31 Stone Mining
22:54 Squires
25:25 Squires
28:57 Imperial Age
26:45 Hand Cart
26:47 Gambesons
27:19 Chain Mail Armor
27:17 Arson
29:08 Gold Mining
29:57 Fletching
31:14 Plate Mail Armor
30:42 Bodkin Arrow
31:17 Plate Mail Armor
31:00 Forging
35:58 Iron Casting
36:08 Elite Jaguar Warrior
36:28 Pikeman
37:52 Conscription
37:55 Garland Wars
38:19 Garland Wars
39:32 Blast Furnace
39:46 Stone Shaft Mining
39:36 Heavy Plow
40:32 Gold Shaft Mining
40:17 Fortified Wall
42:30 Conscription
46:04 Murder Holes
46:16 Bracer
48:50 Eagle Warrior
49:29 Elite Eagle Warrior
57:39 Crop Rotation
64:16 Chemistry
77:42 Caravan
80:43 Man-at-Arms
81:24 Long Swordsman
82:14 Two-Handed Swordsman
83:12 Champion
Anas
10:28 Feudal Age
8:45 Loom
11:10 Double-Bit Axe
11:08 Horse Collar
11:21 Gold Mining
17:33 Castle Age
16:45 Forging
16:36 Stone Mining
16:55 Scale Barding Armor
17:39 Bloodlines
18:18 Heavy Plow
20:24 Bow Saw
26:14 Treadmill Crane
27:43 Wheelbarrow
31:38 Imperial Age
28:54 Town Watch
29:51 Fletching
30:03 Scale Mail Armor
31:32 Forging
31:44 Chain Barding Armor
31:40 Bodkin Arrow
32:10 Padded Archer Armor
32:37 Masonry
32:46 Fortified Wall
33:26 Crop Rotation
34:03 Iron Casting
34:09 Cavalier
34:52 Husbandry
35:54 Plate Barding Armor
35:46 Hand Cart
35:56 Bracer
37:06 Squires
36:27 Man-at-Arms
36:53 Gambesons
39:35 Chain Mail Armor
40:05 Ballistics
39:30 Arrowslits
39:53 Pikeman
40:51 Caravan
42:32 Blast Furnace
42:16 Hoardings
41:19 Long Swordsman
41:20 Halberdier
44:52 Plate Mail Armor
44:52 Murder Holes
46:30 Chemistry
45:16 Arrowslits
45:56 Aznauri Cavalry
45:20 Capped Ram
46:20 Siege Ram
48:22 Elite Monaspa
51:14 Leather Archer Armor
51:21 Leather Archer Armor
52:40 Architecture
54:51 Guilds
58:52 Two-Handed Swordsman
60:23 Coinage
61:15 Coinage
61:07 Conscription
62:41 Banking
71:55 Champion
74:11 Arson
81:17 Heavy Scorpion
Connection lost

Rejoining the realm…

Still unreachable

The connection could not be restored.

Session expired

The server has moved on; the page needs a fresh start.